 Dungeon Crawl Stone Soup version 0.30-a0-170-g85af917532 (webtiles) character file.

Game seed: 10731537515416391718

1015 qw the Chopper (level 8, 0/49 HPs)
             Began as a Gargoyle Fighter on Sept 30, 2022.
             Slain by a lemure (6 damage)
             ... led by Pikel
             ... on level 5 of the Dungeon.
             The game lasted 00:01:53 (5941 turns).

qw the Chopper (Gargoyle Fighter)                   Turns: 5941, Time: 00:01:54

Health: 0/49       AC: 14    Str: 21    XL:     8   Next: 21%
Magic:  8/8        EV:  7    Int: 10    God:
Gold:   248        SH:  4    Dex:  9    Spells: 7/7 levels left

rFire   + . .      SeeInvis +    Y - +1 war axe
rCold   + . .      Faith    .    c - +0 buckler
rNeg    + . .      Spirit   .    e - +0 chain mail
rPois   inf        Reflect  .    (no helmet)
rElec   +          Harm     .    m - scarf {rC+ rF+}
rCorr   .          Rampage  .    (no gloves)
Will    .....                    (no boots)
Stlth   ..........               p - amulet of the acrobat
HPRegen 0.16/turn                f - ring of see invisible
MPRegen 0.11/turn                q - +4 ring of slaying {mikee}

@: about to teleport
A: sickness immunity, AC +5, negative energy resistance 1, electricity
resistance, torment resistance 1, petrification resistance
a: no special abilities


You were on level 5 of the Dungeon.
You visited 1 branch of the dungeon, and saw 5 of its levels.

You collected 248 gold pieces.


Innate Abilities, Weirdness & Mutations

You are immune to sickness and miasma.
Your stone body is resilient. (AC +5)
You are immune to poison.
You resist negative energy. (rN+)
You are resistant to electric shocks. (rElec)
You are resistant to unholy torment.
You are immune to petrification.


   Skills:
 - Level 5.0 Fighting
 + Level 7.5 Axes
 - Level 2.0 Throwing
 - Level 3.2 Armour
 - Level 1.4 Dodging
 - Level 3.2 Shields


You had 7 spell levels left.
You didn't know any spells.
Your spell library was empty.

Inventory:

Hand Weapons
 k - a +2 antimagic flail
 Y - a +1 war axe (weapon)
Missiles
 b - 4 boomerangs
 o - 6 javelins (quivered)
Armour
 c - a +0 buckler (worn)
 e - a +0 chain mail (worn)
 g - a +0 cloak
 m - a scarf of resistance (worn)
Jewellery
 f - a ring of see invisible (left hand)
 p - an amulet of the acrobat (around neck)
 q - a +4 ring of slaying (right hand) {mikee}
Scrolls
 a - a scroll of enchant armour
 h - a scroll of identify
 u - a scroll of fear {unknown}
Potions
 d - a potion of might
 i - a potion of lignification
 l - a potion of mutation {unknown}
 n - a potion of flight {unknown}
 r - a potion of heal wounds
 s - a potion of brilliance {unknown}
 t - a potion of curing {unknown}
 v - a potion of haste {unknown}

Dungeon Overview and Level Annotations

Branches:
Dungeon (5/15)
 Temple: D:4-7

Altars:

Annotations:
D:3 2 transporters, qw's ghost, amateur GrFi
D:4 1 runed translucent door, Crazy Yiuf
D:5 Pikel


Message History

You hit the lemure. You block the lemure's attack.
You barely miss the lemure.
The lemure is severely wounded.
You closely miss Pikel. You slash the lemure! You block the lemure's attack.
The lemure hits you.
You barely miss the lemure.
The lemure is severely wounded.
You closely miss the lemure. You closely miss Pikel. Pikel barely misses you.
The lemure hits you but does no damage. The lemure barely misses you.
You slash the lemure!
You kill the lemure!
That felt strangely unrewarding.
You hit the lemure. You hit Pikel. You block Pikel's attack.
You barely miss the lemure.
The lemure is heavily wounded.
You closely miss the lemure. You barely miss Pikel.
Pikel hits you but does no damage. The lemure hits you but does no damage.
The lemure hits you. You block the lemure's attack.
The lemure hits you but does no damage.
Pikel hits you with a +2 whip of flaming!
You hit the lemure.
The lemure is severely wounded.
You slash Pikel! You barely miss the lemure. You slash the lemure!
The lemure hits you. Pikel barely misses you.
The lemure hits you but does no damage. The lemure barely misses you.
You barely miss the lemure.
The lemure is severely wounded.
You hit the lemure. You hit Pikel but do no damage. You slash the lemure!
You block the lemure's attack. The lemure hits you but does no damage.
Pikel hits you with a +2 whip of flaming.
Pikel burns you. The lemure hits you.
5941 ||| READING scroll of teleportation.
As you read the scroll of teleportation, it crumbles to dust.
You feel strangely unstable.
The lemure hits you but does no damage. x2
Pikel hits you with a +2 whip of flaming.
Pikel burns you. The lemure hits you.
You die...

...........#
........?..+ #.......#
####.......# #......(#
...#..###+######.......(
...#'###................
...#...#................
...#...#................
...#...'.......555......
...#####%.......@K......
..........###########...
..........'.......
..........#.......
..........#.......
..........#..####+
..........#..#
..........#..#........
#....###+#####........


You could see Pikel and 3 lemures.

Vanquished Creatures
  Edmund (D:4)
  Pargi (D:4)
  2 black bears (D:5)
  A lemure (D:5)
  Blork the orc (D:4)
  A howler monkey (D:4)
  3 hounds
  An orc priest (D:5)
  A gnoll bouda (D:5)
  2 iguanas
  Ijyb (D:4)
  Terence (D:2)
  An orc wizard (D:3)
  8 gnolls
  6 adders
  An ufetubus (D:5)
  3 worms
  5 dart slugs
  10 orcs
  11 ball pythons
  9 endoplasms
  2 giant cockroaches
  6 hobgoblins
  3 jackals (D:2)
  7 quokkas
  5 bats
  5 goblins
  8 kobolds
  9 rats
115 creatures vanquished.

Notes
Turn   | Place    | Note
-------+----------+-------------------------------------------
     0 | D:1      | qw the Gargoyle Fighter began the quest for the Orb.
     0 | D:1      | Reached XP level 1. HP: 14/14 MP: 1/1
     0 | D:1      | 0 ||| qw: Version: 0.2-a-12-gaebbb33
     0 | D:1      | 0 ||| qw: Game counter: 1487
     0 | D:1      | 0 ||| qw: Always use a shield: true
     0 | D:1      | 0 ||| qw: God list: Okawaru
     0 | D:1      | 0 ||| qw: Allow faded altars: false
     0 | D:1      | 0 ||| qw: Do Orc after D:15 true
     0 | D:1      | 0 ||| qw: Do second Lair branch before Depths: true
     0 | D:1      | 0 ||| qw: Lair rune preference: random
     0 | D:1      | 0 ||| qw: Plans: Normal, Zot:1-4, God:TSO, Crypt, Tomb,
                  | Pan, Slime:5, Hells, Abyss, Orb
     0 | D:1      | 0 ||| PLANNING D:1-11
    79 | D:1      | Reached skill level 2 in Axes
   169 | D:1      | Reached XP level 2. HP: 19/19 MP: 2/2
   169 | D:1      | 169 ||| Stepping ~*~*~tactically~*~*~ (stealth).
   176 | D:1      | 176 ||| Stepping ~*~*~tactically~*~*~ (stealth).
   177 | D:1      | 177 ||| Stepping ~*~*~tactically~*~*~ (stealth).
   683 | D:1      | 683 ||| DROPPING +0 club.
   690 | D:1      | 690 ||| Stepping ~*~*~tactically~*~*~ (hiding).
   812 | D:1      | Reached skill level 3 in Axes
   983 | D:1      | Reached XP level 3. HP: 22/23 MP: 3/3
  1175 | D:1      | 1175 ||| Stepping ~*~*~tactically~*~*~ (hiding).
  1280 | D:1      | 1280 ||| UPGRADING to +0 cloak.
  1285 | D:1      | 1285 ||| UPGRADING to ring of see invisible.
  1286 | D:1      | 1286 ||| DROPPING ring of flight.
  1287 | D:1      | 1287 ||| READING scroll labelled DAR UBIKUSAXT.
  1288 | D:1      | 1288 ||| READING scroll labelled DOROSI XUZA.
  1336 | D:2      | 1336 ||| Stepping ~*~*~tactically~*~*~ (stealth).
  1506 | D:2      | 1506 ||| Stepping ~*~*~tactically~*~*~ (stealth).
  1549 | D:2      | 1549 ||| FLEEEEING.
  1550 | D:2      | 1550 ||| FLEEEEING.
  1551 | D:2      | 1551 ||| FLEEEEING.
  1552 | D:2      | 1552 ||| FLEEEEING.
  1553 | D:2      | 1553 ||| FLEEEEING.
  1554 | D:2      | 1554 ||| FLEEEEING.
  1555 | D:2      | 1555 ||| FLEEEEING.
  1556 | D:2      | 1556 ||| FLEEEEING.
  1557 | D:2      | 1557 ||| FLEEEEING.
  1559 | D:2      | 1559 ||| FLEEEEING.
  1560 | D:2      | 1560 ||| FLEEEEING.
  1561 | D:2      | 1561 ||| FLEEEEING.
  1562 | D:2      | 1562 ||| FLEEEEING.
  1564 | D:2      | 1564 ||| FLEEEEING.
  1565 | D:2      | 1565 ||| FLEEEEING.
  1567 | D:2      | 1567 ||| FLEEEEING.
  1568 | D:2      | 1568 ||| STAIRDANCE
  1675 | D:2      | Reached XP level 4. HP: 14/28 MP: 4/4
  1675 | D:2      | 1675 ||| STAIRDANCE
  1831 | D:2      | 1831 ||| DROPPING +0 whip.
  1862 | D:2      | Reached skill level 4 in Axes
  2081 | D:2      | Noticed Terence
  2094 | D:2      | Killed Terence
  2095 | D:2      | Reached XP level 5. HP: 17/32 MP: 5/5
  2337 | D:2      | 2337 ||| Stepping ~*~*~tactically~*~*~ (hiding).
  2539 | D:2      | Found a faded altar of an unknown god.
  2918 | D:2      | 2918 ||| UPGRADING to +0 chain mail.
  2928 | D:2      | 2928 ||| DROPPING +0 scale mail.
  2929 | D:2      | 2929 ||| UPGRADING to scarf of resistance.
  2939 | D:2      | 2939 ||| UPGRADING to amulet of the acrobat.
  2944 | D:2      | 2944 ||| READING scroll labelled BAODES YCELLIM.
  2945 | D:2      | 2945 ||| READING scroll labelled PAKAN OCITS.
  2946 | D:2      | 2946 ||| READING scroll labelled TOWNUERAIBB.
  2947 | D:2      | 2947 ||| READING scroll labelled WIADDOXTI YLYH.
  2948 | D:2      | 2948 ||| DRINKING 2 pink potions.
  3052 | D:2      | 3052 ||| DRINKING 2 blue potions.
  3053 | D:2      | 3053 ||| DROPPING potion of berserk rage.
  3193 | D:3      | Reached skill level 1 in Throwing
  3195 | D:3      | Found a transporter.
  3227 | D:3      | 3227 ||| Stepping ~*~*~tactically~*~*~ (hiding).
  3239 | D:3      | Reached skill level 5 in Axes
  3502 | D:3      | Found a transporter.
  3507 | D:3      | Noticed qw's ghost (amateur GrFi)
  3655 | D:3      | 3655 ||| Stepping ~*~*~tactically~*~*~ (stealth).
  3729 | D:3      | 3729 ||| Stepping ~*~*~tactically~*~*~ (hiding).
  3733 | D:3      | 3733 ||| Stepping ~*~*~tactically~*~*~ (hiding).
  3746 | D:3      | 3746 ||| Stepping ~*~*~tactically~*~*~ (stealth).
  3816 | D:3      | 3816 ||| UPGRADING to +4 ring of slaying {mikee}.
  3817 | D:3      | 3817 ||| READING scroll labelled PAPOTAKYQE.
  3820 | D:3      | 3820 ||| READING scroll labelled BUOGAP RYLUXU.
  3821 | D:3      | 3821 ||| DRINKING 2 viscous silvery potions.
  3855 | D:4      | 3855 ||| STAIRDANCE
  3865 | D:4      | 3865 ||| Stepping ~*~*~tactically~*~*~ (stealth).
  3868 | D:4      | Reached XP level 6. HP: 29/38 MP: 6/6
  4068 | D:4      | Noticed Blork the orc
  4069 | D:4      | 4069 ||| Stepping ~*~*~tactically~*~*~ (hiding).
  4073 | D:4      | Noticed Pargi
  4076 | D:4      | Killed Blork the orc
  4077 | D:4      | 4077 ||| Stepping ~*~*~tactically~*~*~ (stealth).
  4079 | D:4      | 4079 ||| Stepping ~*~*~tactically~*~*~ (stealth).
  4090 | D:4      | Killed Pargi
  4091 | D:4      | Reached skill level 6 in Axes
  4091 | D:4      | Reached XP level 7. HP: 24/43 MP: 7/7
  4289 | D:4      | Noticed Ijyb
  4306 | D:4      | Killed Ijyb
  4531 | D:4      | Found a runed translucent door.
  4532 | D:4      | Noticed Crazy Yiuf
  4578 | D:4      | Noticed Edmund
  4582 | D:4      | Reached skill level 1 in Dodging
  4590 | D:4      | Killed Edmund
  4644 | D:4      | 4644 ||| DROPPING +0 flail.
  4938 | D:5      | Entered Level 5 of the Dungeon
  4977 | D:5      | 4977 ||| Stepping ~*~*~tactically~*~*~ (hiding).
  4987 | D:5      | Reached skill level 7 in Axes
  5302 | D:5      | 5302 ||| Stepping ~*~*~tactically~*~*~ (hiding).
  5308 | D:5      | 5308 ||| Stepping ~*~*~tactically~*~*~ (stealth).
  5313 | D:5      | Reached XP level 8. HP: 23/49 MP: 8/8
  5556 | D:5      | 5556 ||| Stepping ~*~*~tactically~*~*~ (stealth).
  5929 | D:5      | Noticed Pikel
  5940 | D:5      | HP: 12/49 [lemure[Pikel] (2)]
  5941 | D:5      | 5941 ||| READING scroll of teleportation.
  5941 | D:5      | Slain by a lemure

Levels and vault maps discovered:
D:1:      tarquinn_simple_flora_water_e, layout_loops_ring,
          minmay_misc_feat_encased, minmay_domino_4
D:2:      layout_basic, chequers_ecumenical_altar_island, minivault_5,
          uniq_terence
D:3:      layout_basic, gammafunk_ghost_mausoleum
D:4:      layout_basic, kennysheep_boxes, uniq_ijyb, uniq_edmund,
          uniq_crazy_yiuf_cottage, uniq_blork_the_orc, uniq_pargi
D:5:      layout_gridville, uniq_pikel

Skill      XL: |  1  2  3  4  5  6  7  8 |
---------------+-------------------------+-----
Axes           | 2 3 4 5 6 7 |  7.5
Throwing       | 1 2 |  2.0
Fighting       | 4 5 |  5.0
Dodging        | 1 |  1.4
Armour         | |  3.2
Shields        | |  3.2

Action                   |  1- 3 |  4- 6 |  7- 9 || total
-------------------------+-------+-------+-------++-------
Melee: War axe           |   117 |   137 |    85 ||   339
       Unarmed           |       |       |     6 ||     6
Throw: Javelin           |       |    32 |    23 ||    55
  Use: Scroll            |     2 |     6 |     1 ||     9
       Potion            |       |     3 |       ||     3
Armor: Scale mail        |    47 |    46 |       ||    93
       Chain mail        |       |    65 |    42 ||   107
Dodge: Dodged            |    45 |    77 |    40 ||   162
Block: Buckler           |    28 |    20 |    25 ||    73

Table legend:
 A = Non-vault XP
 B = Vault XP
 C = Vault XP percentage of total XP
 D = Non-vault monster count
 E = Vault monster count
 F = Vault count percentage of total count
                 A         B        C        D         E       F
            +---------+---------+-------+---------+---------+-------
      Total |     983 |     467 |  32.2 |     106 |       8 |   7.0
            +---------+---------+-------+---------+---------+-------
        D:1 |      41 |       4 |   8.9 |      22 |       3 |  12.0
        D:2 |     117 |      36 |  23.5 |      25 |       1 |   3.8
        D:3 |     112 |       0 |   0.0 |      28 |       0 |   0.0
        D:4 |     168 |     427 |  71.8 |      12 |       4 |  25.0
        D:5 |     545 |       0 |   0.0 |      19 |       0 |   0.0
            +---------+---------+-------+---------+---------+-------
